 Dungeon Crawl Stone Soup version 0.18.1-48-g4cf74bf (webtiles) character file.

230 meme the Magician (level 5, -1/28 HPs)
             Began as a Deep Elf Air Elementalist on July 10, 2016.
             Killed by nerve-wracking pain
             ... invoked by Grinder
              (13 damage)
             ... on level 4 of the Dungeon.
             The game lasted 00:23:02 (2597 turns).

meme the Magician (Deep Elf Air Elementalist)       Turns: 2597, Time: 00:23:02

Health: -1/28      AC:  7    Str:  5    XL:     5   Next: 72%
Magic:  10/13      EV: 13    Int: 20    God:
Gold:   169        SH:  0    Dex: 16    Spells: 2 memorised, 9 levels left

rFire  . . .     SeeInvis .     i - +2 short sword (venom)
rCold  . . .     Gourm    .     a - +0 robe
rNeg   . . .     Faith    .     (no shield)
rPois  .         Spirit   .     n - +2 hat
rElec  .         Dismiss  .     (no cloak)
rCorr  .         Reflect  .     (no gloves)
SustAt .         Harm     .     (no boots)
MR     .....                    (no amulet)
Stlth  +++.......               (no ring)
                                f - +3 ring of protection

@: not resistant to hostile enchantments, fairly stealthy
A: no striking features
a: no special abilities


You were on level 4 of the Dungeon.
You were not hungry.

You visited 1 branch of the dungeon, and saw 4 of its levels.

You collected 169 gold pieces.

Inventory:

Hand Weapons
 g - a +2 short sword of draining
 i - a +2 short sword of venom (weapon)
 j - a +1 dagger of protection
 q - a +1 mace of protection
 r - the cursed +1 short sword of Basul {pain, rN+, unknown}
   (You found it on level 4 of the Dungeon)

   In the hands of one skilled in necromantic magic, it inflicts extra damage on
   living creatures.
   It protects you from negative energy.
   It has a curse placed upon it.
Armour
 a - a +0 robe (worn)
 n - a +2 hat (worn)
Jewellery
 f - a +3 ring of protection (left hand)
Scrolls
 d - a scroll of enchant weapon {unknown}
 e - a scroll of magic mapping
 k - a scroll of enchant armour
 o - a scroll of remove curse
 s - a scroll of noise {unknown}
Potions
 h - a potion of agility {unknown}
 m - a potion of magic {unknown}
Books
 b - a book of Air

   Spells                             Type                      Level
   a - Shock                          Conjuration/Air              1
   b - Swiftness                      Charms/Air                   2
   c - Repel Missiles                 Charms/Air                   2
   d - Static Discharge               Conjuration/Air              3
   e - Lightning Bolt                 Conjuration/Air              5
Comestibles
 c - 3 bread rations
 l - 2 beef jerkies


   Skills:
 + Level 0.2 Fighting
 + Level 0.6 Short Blades
 + Level 3.3 Dodging
 + Level 3.7 Stealth
 + Level 4.6 Spellcasting
 + Level 2.7 Conjurations
 + Level 4.2 Air Magic


You had 9 spell levels left.
You knew the following spells:

 Your Spells              Type           Power        Failure   Level  Hunger
a - Shock                 Conj/Air       ###.         2%          1    None
b - Static Discharge      Conj/Air       ###.....     10%         3    ##.....


Dungeon Overview and Level Annotations

Branches:
Dungeon (4/15)
 Temple: D:4-7

Altars:
Elyvilon
Pakellas
Yredelemnul

Annotations:
D:4 Grinder; Rationalist's ghost, novice FoFi


Message History

The zap misses Grinder.
Grinder blinks!
Press: ? - help, v - describe, . - travel
Here: Grinder The floor.
Casting: Shock
Confirm with . or Enter, or press ? or * to list all spells.
Aiming: Shock
Press: ? - help, Shift-Dir - straight line, f/p - Grinder
Aim: Grinder The zap misses Grinder.
Casting: Shock
Confirm with . or Enter, or press ? or * to list all spells.
Aiming: Shock
Press: ? - help, Shift-Dir - straight line, f/p - Grinder
Aim: Grinder The zap hits Grinder.
Grinder appears unharmed.
Grinder says, "I used to sell toenails on the black market."
Grinder gestures at you. Pain shoots through your body!
You die...

#........# #..........
#........## #....Z....
#.........#
#.............#
##.......
#.....@.....##
#.......
#............#
#......#
#............#
##...###
##...........# #.###..
#...........## ###.).#
##...........###..####
####...>.......###
#####.....### ##..###


You could see Grinder.

Vanquished Creatures
  A hound (D:3)
  An orc priest (D:3)
  A worker ant (D:4)
  7 adders
  An ooze (D:2)
  2 worms
  A dart slug (D:2)
  A giant gecko (D:1)
  8 orcs (D:3)
  3 ball pythons
  7 bats
  A giant cockroach (D:3)
  3 hobgoblins (D:1)
  2 jackals (D:1)
  4 kobolds
  A quokka (D:3)
  4 giant newts
  2 gnoll zombies (D:2)
  9 goblins
  3 rats
62 creatures vanquished.

Notes
Turn   | Place    | Note
--------------------------------------------------------------
     0 | D:1      | meme the Deep Elf Air Elementalist began the quest for the Orb.
     0 | D:1      | Reached XP level 1. HP: 10/10 MP: 6/6
   150 | D:1      | Reached XP level 2. HP: 14/15 MP: 4/8
   206 | D:1      | You fall through a shaft!
   761 | D:2      | Reached XP level 3. HP: 17/19 MP: 5/10
  1110 | D:2      | Reached XP level 4. HP: 22/24 MP: 8/12
  1249 | D:2      | Found a basalt altar of Yredelemnul.
  1511 | D:3      | Found an oddly glowing altar of Pakellas.
  1558 | D:3      | Found a white marble altar of Elyvilon.
  1631 | D:3      | Reached XP level 5. HP: 28/28 MP: 9/13
  1640 | D:3      | Learned a level 3 spell: Static Discharge
  2225 | D:4      | Noticed Grinder
  2338 | D:4      | Got a twisted short sword
  2405 | D:4      | Noticed Rationalist's ghost (novice FoFi)
  2597 | D:4      | Killed from afar by Grinder

Skill      XL: |  1  2  3  4  5 |
---------------+----------------+-----
Spellcasting   | 4 |  4.6
Stealth        | 3 |  3.7
Air Magic      | 4 |  4.2
Conjurations   | 2 |  2.7
Dodging        | 3 |  3.3
Fighting       | |  0.2
Short Blades   | |  0.6

Action                   |  1- 3 |  4- 6 || total
-------------------------+-------+-------++-------
Melee: Unarmed           |     2 |       ||     2
       Short sword       |    23 |    26 ||    49
       Dagger            |       |     1 ||     1
 Cast: Shock             |    48 |    86 ||   134
  Use: Potion            |     1 |     1 ||     2
       Scroll            |     6 |     4 ||    10
 Stab: Sleeping          |     3 |     3 ||     6
  Eat: Chunk             |       |     4 ||     4
       Beef jerky        |       |     1 ||     1
Armor: Robe              |    11 |    16 ||    27
Dodge: Dodged            |    28 |    44 ||    72
